 Dungeon Crawl Stone Soup version 0.32-a0-314-g526f7d4993 (webtiles) character file.

Game seed: 5480274097987671327

83 timneilson the Ruffian (level 4, 0/29 HPs)
             Began as an Octopode Shapeshifter on Feb 15, 2024.
             Succumbed to an adder's poison
             ... on level 2 of the Dungeon.
             The game lasted 00:02:10 (1027 turns).

timneilson the Ruffian (Octopode Shapeshifter)      Turns: 1027, Time: 00:02:11

Health: 0/29       AC:  1    Str: 15    XL:     4   Next: 44%
Magic:  1/4        EV: 13    Int: 12    God:
Gold:   40         SH:  0    Dex: 11    Spells: 3/3 levels left

rFire   . .          .
                       - Unarmed
rCold   . . .        (no shield)
rNeg    . . .        (helmet currently unavailable)
rPois   .            f - amulet of guardian spirit
rElec   .            (no ring)
rCorr   .            (no ring)
SInv    .            (no ring)
Will    .....        (no ring)
Stlth   +++          (no ring)
HPRegen 0.24/turn    (no ring)
MPRegen 0.09/turn    (no ring)
                     (no ring)

%: guardian spirit
@: mighty, lethally poisoned (0 -> -2), beast-form
A: beast (slay +1), almost no armour, amphibious, 8 rings, camouflage 1,
gelatinous body 1, (nimble swimmer 1), tentacles
a: Begin Untransformation


You were on level 2 of the Dungeon.
You were a hulking beast.
You visited 1 branch of the dungeon, and saw 2 of its levels.

You collected 40 gold pieces.

Inventory:

Jewellery
 f - an amulet of guardian spirit (around mantle)
Talismans
 b - a beast talisman (active)
 c - a flux talisman
Potions
 a - a potion of lignification


   Skills:
 * Level 2.0 Fighting
 * Level 2.7 Dodging
 + Level 1.7 Stealth
 * Level 3.6 Unarmed Combat
 * Level 3.3 Shapeshifting


You had 3 spell levels left.
You didn't know any spells.
Your spell library was empty.

Dungeon Overview and Level Annotations

Branches:
Dungeon (2/15)

Altars:


Innate Abilities, Weirdness & Mutations

You are a hulking beast.
Your limbs bulge with bestial killing power. (Slay +1)
You cannot wear most types of armour.
You are amphibious.
You can wear up to eight rings at the same time.
Your skin changes colour to match your surroundings (Stealth+).
Your rubbery body absorbs attacks. (AC +1, EV +1)
((You are camouflaged when in or above water. (Stealth+)))
You have tentacles for arms and can constrict up to eight enemies at once.


Message History

You closely miss the adder. Your grab misses the adder.
Your squeeze misses the adder.
The adder is severely wounded.
You feel sick. The adder bites you.
You closely miss the adder. Your grab misses the adder.
The adder is severely wounded.
You feel sick. The adder misses you.
You closely miss the adder. Your grab misses the adder.
The adder is severely wounded.
You feel sick. The adder bites you. x2
* * * LOW HITPOINT WARNING * * *
You closely miss the adder. You grab the adder.
The adder is severely wounded.
You constrict the adder.
You feel sick.
You are no longer poisoned.
The adder bites you.
* * * LOW HITPOINT WARNING * * *
You are poisoned.
The adder poisons you!
You tentacle-slap the adder.
You kill the adder!
* * * LOW HITPOINT WARNING * * *
You feel sick.
Unknown command.
You tentacle-slap the hobgoblin but do no damage.
You grab the hobgoblin. You constrict the hobgoblin.
* * * LOW HITPOINT WARNING * * *
You feel sick. The hobgoblin hits you.
* * * LOW HITPOINT WARNING * * *
Unknown command.
It was a potion of might.
You feel very mighty all of a sudden.
You constrict the hobgoblin, but do no damage.
* * * LOW HITPOINT WARNING * * *
You feel sick. The hobgoblin hits you.
* * * LOW HITPOINT WARNING * * *
You barely miss the hobgoblin. Your squeeze misses the hobgoblin.
The hobgoblin is moderately wounded.
You constrict the hobgoblin.
You die...

#.#.# #.#.########
#..........# #.
#.########.##
#..#######............
#.#g....#..##.#.#.#.##
#.....#..#...#<#.#.#
..#######.....#####.#.#
#......hgg###....g..#.#
...######## ########..
###


You could see a hobgoblin and a goblin.

Vanquished Creatures
  An adder (D:2)
  A ribbon worm (D:2)
  3 endoplasms (D:1)
  5 goblins (D:1)
  2 hobgoblins (D:1)
  3 jackals (D:1)
  4 quokkas (D:1)
  5 ball pythons
  5 bats (D:1)
  3 frilled lizards (D:1)
  A kobold (D:1)
  8 rats (D:1)
41 creatures vanquished.

Notes
Turn   | Place    | Note
-------+----------+-------------------------------------------
     0 | D:1      | timneilson the Octopode Shapeshifter began the quest for
                  | the Orb.
     0 | D:1      | Reached XP level 1. HP: 13/13 MP: 1/1
    71 | D:1      | Reached XP level 2. HP: 18/18 MP: 2/2
   266 | D:1      | Reached skill level 1 in Stealth
   314 | D:1      | Found a faded altar of an unknown god.
   321 | D:1      | Reached XP level 3. HP: 23/23 MP: 3/3
   665 | D:1      | Reached XP level 4. HP: 25/29 MP: 4/4
  1026 | D:2      | HP: 1/29 [hobgoblin (1)]
  1027 | D:2      | Succumbed to an adder's poison

Illustrated notes

Levels and vault maps discovered:
D:1:      dpeg_arrival_subterranean_lakeside_camping, layout_basic,
          shapermc_ecumenical_altar_gd
D:2:      layout_basic, minmay_3d_cube

Skill      XL: |  1  2  3 |
---------------+----------+-----
Stealth        | 1 |  1.7
Fighting       | 2 |  2.0
Dodging        | |  2.7
Unarmed Combat | |  3.6
Shapeshifting  | |  3.3

Action                     |  1- 3 |  4- 6 || total
---------------------------+-------+-------++-------
  Melee: Unarmed           |    61 |    26 ||    87
         Constrict         |    14 |     4 ||    18
         Tentacles         |     6 |     1 ||     7
         Punch             |       |     1 ||     1
    Use: Scroll            |       |     5 ||     5
         Potion            |       |     2 ||     2
   Stab: Sleeping          |     2 |     3 ||     5
 Armour: Skin              |    20 |    22 ||    42
  Dodge: Dodged            |    37 |    18 ||    55

Table legend: (Time is in decaauts)
 A = Elapsed time spent in this place.
 B = Non-inter-level travel time spent in this place.
 C = Inter-level travel time spent in this place.
 D = Time resting spent in this place.
 E = Time spent auto-exploring this place.
 F = Levels seen in this place.
 G = Mean time per level.
                   A        B        C        D        E       F      G
               +--------+--------+--------+--------+--------+-----+--------+
         Total |   1021 |   1015 |      6 |    100 |    647 |   2 |  510.5 |
       Dungeon |   1021 |   1015 |      6 |    100 |    647 |   2 |  510.5 |
               +--------+--------+--------+--------+--------+-----+--------+

Top non-repeatable levels by time:
     D:1: 973 daAuts
     D:2: 48 daAuts
